 Dungeon Crawl Stone Soup version 0.17.1-3-g152610e (webtiles) character file.

819 Lorraine the Ducker (level 7, -2/52 HPs)
             Began as a Demonspawn Earth Elementalist on Apr 26, 2016.
             Was a Believer of Okawaru.
             Slain by an ice beast (13 damage)
             ... on level 5 of the Dungeon.
             The game lasted 00:25:33 (8850 turns).

Lorraine the Ducker (Demonspawn Earth Elementalist) Turns: 8850, Time: 00:25:33

Health: -2/52      AC:  5    Str: 11    XL:     7   Next: 63%
Magic:  8/12       EV: 17    Int: 16    God:    Okawaru [**....]
Gold:   279        SH:  2    Dex: 13    Spells: 2 memorised, 10 levels left

rFire  . . .     SeeInvis +     b - 30 stones
rCold  . . .     Clarity  .     a - +0 robe
rNeg   + . .     SustAt   .     (no shield)
rPois  .         Gourm    .     (helmet restricted)
rElec  .         Spirit   .     (no cloak)
rCorr  .         Warding  +     (no gloves)
rMut   .         Rnd*Tele +     n - +0 pair of boots
MR     .....                    p - amulet of warding
Stlth  +++++.....               s - ring of teleportation (curse)
                                o - ring of see invisible

@: about to teleport, heroism, not resistant to hostile enchantments, quite
stealthy
A: antennae 1, large bone plates 1, nightstalker 2, powered by death 1
a: Heroism, Renounce Religion, Evoke Teleportation


You were on level 5 of the Dungeon.
You worshipped Okawaru.
Okawaru was pleased with you.
You were hungry.

You visited 1 branch of the dungeon, and saw 5 of its levels.

You collected 279 gold pieces.

Inventory:

Hand Weapons
 h - a +2 whip of pain
Missiles
 b - 30 stones (in hand)
Armour
 a - a +0 robe (worn)
 n - a +0 pair of boots (worn)
Jewellery
 o - a ring of see invisible (left hand)
 p - an amulet of warding (around neck)
 s - a cursed ring of teleportation (right hand)
Scrolls
 e - a scroll of enchant weapon
 i - a scroll of fog
 l - a scroll of teleportation
Potions
 f - 3 potions of flight
 j - a potion of berserk rage
 q - 2 potions of haste {unknown}
 r - a potion of might
Books
 c - a book of Geomancy

   Spells                             Type                      Level
   a - Sandblast                      Earth                        1
   b - Stoneskin                      Transmutation/Earth          2
   c - Passwall                       Transmutation/Earth          3
   d - Stone Arrow                    Conjuration/Earth            3
   e - Petrify                        Transmutation/Earth          4
   f - Lee's Rapid Deconstruction     Earth                        5
 g - a book of Battle

   Spells                             Type                      Level
   a - Infusion                       Charms                       1
   b - Shroud of Golubria             Charms/Translocation         2
   c - Song of Slaying                Charms                       2
   d - Spectral Weapon                Hexes/Charms                 3
   e - Regeneration                   Charms/Necromancy            3
Comestibles
 d - 3 bread rations
 k - 4 meat rations
 m - 2 fruits


   Skills:
 + Level 3.6(8.6) Fighting
 + Level 3.9(8.9) Dodging
 - Level 1.7(6.7) Stealth
 + Level 3.9(8.9) Unarmed Combat
 + Level 3.5 Spellcasting
 + Level 2.8 Transmutations
 - Level 2.9 Earth Magic


You had 10 spell levels left.
You knew the following spells:

 Your Spells              Type           Power        Failure   Level  Hunger
a - Sandblast             Erth           ##....       8%          1    None
k - Stoneskin             Trmt/Erth      ##......     10%         2    ##.....


Dungeon Overview and Level Annotations

Branches:
Dungeon (5/15)
 Temple: D:4-7

Altars:
Ashenzari
Cheibriados
Gozag
Kikubaaqudgha
Nemelex Xobeh
Okawaru
Ru
Vehumet
Zin
The Shining One


Innate Abilities, Weirdness & Mutations

You have a pair of small antennae on your head.
You are partially covered in large bone plates (AC +2, SH +2).
You are significantly more attuned to the shadows.
You regenerate a little health from kills.


Message History

Casting: Sandblast
Confirm with . or Enter, or press ? or * to list all spells.
Aiming: Sandblast
Press: ? - help, Shift-Dir - straight line, f/p - ice beast
Aim: an ice beast (heavily wounded)
The rocky blast hits the ice beast.
The ice beast is heavily wounded.
The ice beast hits you. The ice beast freezes you!
* * * LOW HITPOINT WARNING * * *
The ice beast hits you but does no damage.
Read which item? (? for menu, Esc to quit)
As you read the scroll of teleportation, it crumbles to dust.
You feel strangely unstable. The adder barely misses you.
The ice beast misses you.
You gain the combat prowess of a mighty hero.
You feel slightly more hungry. The adder barely misses you.
The ice beast hits you.
* * * LOW HITPOINT WARNING * * *
The ice beast freezes you!
You die...

#.#####
#....#.#.##.#.#.###...
#.# ####.#.#....#.#.#
#... ##.## #.#.'####+.#.#
#... #.#.#
#######.#........#.# #...
#>.##
#.......'########'.###...
#.###
#.....................(..
#...#
#.......##.#####.........
###.#
#.....#Y##..###..........
#.#
#..<..#.@S...#.######....
#.##############..#.##
#.... #.......# ##.###
#.... #.#####.### #.#
#.... #.##......# #.#
#<... #..#.##.#.# #.#
#####.... ##...#####.#
#.# #........
.##...#mb.#.#######.#
#.###....
.##...#b≈.#......<..#
##.####.##


You could see an ice beast and an adder.

Vanquished Creatures
  Duvessa (D:4)
  A phantom (D:4)
  An ogre (D:4)
  A centaur (D:5)
  Blork the orc (D:5)
  A giant frog (D:5)
  2 crimson imps (D:5)
  A centaur skeleton (D:5)
  An iguana (D:4)
  2 worker ants (D:4)
  7 adders
  A shadow imp (D:5)
  An adder zombie (D:5)
  A worm (D:2)
  An adder skeleton (D:5)
  4 giant geckos
  3 orcs
  A ball python (D:1)
  6 giant cockroaches
  10 hobgoblins
  9 jackals
  6 kobolds
  12 bats
  A giant gecko skeleton (D:4)
  A giant gecko zombie (D:5)
  4 giant newts
  5 goblins
  2 quokkas
  18 rats
105 creatures vanquished.

Vanquished Creatures (others)
  Dowan (D:4)
1 creature vanquished.

Grand Total: 106 creatures vanquished

Notes
Turn   | Place    | Note
--------------------------------------------------------------
     0 | D:1      | Lorraine the Demonspawn Earth Elementalist began the quest for the Orb.
     0 | D:1      | Reached XP level 1. HP: 13/13 MP: 3/3
   619 | D:1      | Gained mutation: You have a pair of small antennae on your head. [demonic ancestry]
   619 | D:1      | Reached XP level 2. HP: 16/19 MP: 5/5
  1864 | D:1      | Reached skill level 1 in Fighting
  2221 | D:1      | Gained mutation: You are partially covered in large bone plates (AC +2, SH +2). [demonic ancestry]
  2221 | D:1      | Reached XP level 3. HP: 24/26 MP: 6/6
  2334 | D:1      | Reached skill level 1 in Unarmed Combat
  2649 | D:2      | Found a faded altar to an unknown god.
  2668 | D:2      | Became a worshipper of Warmaster Okawaru
  2668 | D:2      | Reached * piety under Okawaru
  3496 | D:2      | Gained mutation: You are slightly more attuned to the shadows. [demonic ancestry]
  3496 | D:2      | Reached XP level 4. HP: 29/33 MP: 3/7
  4253 | D:2      | Found a sparkling altar of Nemelex Xobeh.
  5521 | D:3      | Learned a level 2 spell: Stoneskin
  5905 | D:4      | Noticed an ogre
  6068 | D:4      | Killed an ogre
  6068 | D:4      | Reached skill level 3 in Dodging
  6068 | D:4      | Reached skill level 1 in Transmutations
  6068 | D:4      | Gained mutation: You are significantly more attuned to the shadows. [demonic ancestry]
  6068 | D:4      | Reached XP level 5. HP: 38/38 MP: 4/8
  6289 | D:4      | Noticed a phantom
  6321 | D:4      | Killed a phantom
  6321 | D:4      | Reached XP level 6. HP: 12/46 MP: 0/10
  6882 | D:4      | Noticed Duvessa
  6884 | D:4      | Noticed Dowan
  6901 | D:4      | Killed Duvessa
  7587 | D:4      | Killed Dowan
  7894 | D:5      | Entered Level 5 of the Dungeon
  8009 | D:5      | Gained mutation: You regenerate a little health from kills. [demonic ancestry]
  8009 | D:5      | Reached XP level 7. HP: 26/52 MP: 5/11
  8212 | D:5      | Found a shattered altar of Ashenzari.
  8214 | D:5      | Saw a vision of the Shoals and the Spider Nest.
  8214 | D:5      | Noticed a wolf spider
  8214 | D:5      | Noticed a merfolk
  8214 | D:5      | Noticed a redback
  8214 | D:5      | Noticed a redback
  8214 | D:5      | Noticed a hippogriff
  8214 | D:5      | Noticed a redback
  8215 | D:5      | Noticed a sea snake
  8215 | D:5      | Noticed a sea snake
  8222 | D:5      | Noticed a merfolk
  8446 | D:5      | Reached ** piety under Okawaru
  8520 | D:5      | Noticed Blork the orc
  8531 | D:5      | Killed Blork the orc
  8650 | D:5      | Found a sacrificial altar of Ru.
  8653 | D:5      | Found a radiant altar of Vehumet.
  8654 | D:5      | Found an opulent altar of Gozag.
  8656 | D:5      | Found an ancient bone altar of Kikubaaqudgha.
  8656 | D:5      | Found a snail-covered altar of Cheibriados.
  8656 | D:5      | Found a glowing golden altar of the Shining One.
  8726 | D:5      | Found a glowing silver altar of Zin.
  8850 | D:5      | Slain by an ice beast

Action                   |  1- 3 |  4- 6 |  7- 9 || total
-------------------------+-------+-------+-------++-------
Melee: Unarmed           |   260 |   287 |    86 ||   633
 Cast: Sandblast         |    22 |    52 |    40 ||   114
       Stoneskin         |       |     5 |     1 ||     6
Invok: Heroism           |       |     1 |     2 ||     3
  Use: Scroll            |     1 |    11 |     2 ||    14
       Potion            |       |     4 |       ||     4
 Stab: Sleeping          |     5 |     5 |     4 ||    14
  Eat: Chunk             |     9 |    12 |     2 ||    23
       Beef jerky        |       |     2 |       ||     2
